 Dungeon Crawl Stone Soup version 0.31-a0-358-gac0dbeb3ab (webtiles) character file.

Game seed: 7504318178705128231

1064 drugrobin the Basher (level 7, -3/56 HPs)
             Began as a Demigod Delver on July 25, 2023.
             Slain by a steam dragon (6 damage)
             ... on level 6 of the Dungeon.
             The game lasted 00:12:11 (5466 turns).

drugrobin the Basher (Demigod Delver)               Turns: 5466, Time: 00:12:12

Health: -3/56      AC:  6    Str: 21    XL:     7   Next: 78%
Magic:  10/10      EV: 12    Int: 12    God:
Gold:   287        SH:  0    Dex: 15    Spells: 2/7 levels left

rFire   . . .        a - +0 flail
rCold   + . .        (no shield)
rNeg    . . .        r - +2 leather armour {rC+}
rPois   .            (no helmet)
rElec   .            (no cloak)
rCorr   .            s - +0 pair of gloves
SInv    .            (no boots)
Will    .....        (no amulet)
Stlth   +++          l - ring of wizardry
HPRegen 0.29/turn    n - ring of wizardry
MPRegen 0.12/turn

%: wizardry (x2)
@: no status effects
A: high MP 1, forlorn, divine attributes
a: no special abilities


You were on level 6 of the Dungeon.
You visited 1 branch of the dungeon, and saw 6 of its levels.

You collected 392 gold pieces.
You spent 105 gold pieces at shops.

Inventory:

Hand Weapons
 a - a +0 flail (weapon)
 b - a +1 orcbow of flaming
 B - a +0 mace
Missiles
 e - 3 poisoned darts
 v - 2 boomerangs (quivered)
Armour
 q - a +0 ring mail of fire resistance
 r - a +2 leather armour of cold resistance (worn)
 s - a +0 pair of gloves (worn)
Jewellery
 l - a ring of wizardry (left hand)
 n - a ring of wizardry (right hand)
Wands
 g - a wand of digging (3)
 A - a wand of mindburst (17)
Scrolls
 c - 2 scrolls of fog
 d - 3 scrolls of revelation
 j - a scroll of immolation {unknown}
 m - 3 scrolls of identify {unknown}
 o - a scroll of teleportation {unknown}
 y - 2 scrolls of amnesia {unknown}
 D - a scroll of enchant armour {unknown}
Potions
 f - a potion of haste
 h - a potion of attraction {unknown}
 i - 2 potions of brilliance {unknown}
 k - 2 potions of curing {unknown}
 p - 2 potions of invisibility {unknown}
 t - 3 potions of degeneration {unknown}
 u - a potion of berserk rage {unknown}
 w - a potion of resistance {unknown}
 x - 2 potions of ambrosia {unknown}
 z - a potion of heal wounds {unknown}
 C - a potion of enlightenment {unknown}


   Skills:
 - Level 2.6 Fighting
 + Level 8.2 Maces & Flails
 - Level 1.7 Dodging
 - Level 4.5 Stealth
 + Level 0.6 Spellcasting
 + Level 2.6 Evocations


You had 2 spell levels left.
You knew the following spells:

 Your Spells              Type           Power      Damage    Failure   Level
a - Magic Dart            Conj           0%         1d3       10%         1
b - Animate Dead          Necr           0%         N/A       63%         4

Your spell library contained the following spells:

 Spells                   Type           Power      Damage    Failure   Level
 Lesser Beckoning         Tloc           0%         N/A       14%         2
 Searing Ray              Conj           0%         2d4       14%         2
 Gell's Gravitas          Tloc           0%         N/A       26%         3
 Teleport Other           Tloc           0%         N/A       26%         3
 Fulminant Prism          Conj/Hex       0%         3d5       63%         4
 Conjure Ball Lightning   Conj/Air       0%         3x3d6     100%        6
 Haunt                    Necr/Summ      0%         N/A       100%        7
 Discord                  Hex            0%         N/A       100%        8
 Disjunction              Tloc           0%         N/A       100%        8
 Infestation              Necr           0%         N/A       100%        8


Dungeon Overview and Level Annotations

Branches:
Dungeon (6/15)
 Temple: D:4-7

Shops:
D:4 [:=::


Innate Abilities, Weirdness & Mutations

You have an increased reservoir of magic. (+10% MP)
You shall have no god before yourself.
Your divine heritage dramatically boosts your attributes as you level up.


Message History

The steam dragon is lightly wounded.
The steam dragon bites you but does no damage.
The steam dragon closely misses you.
You hit the steam dragon.
The steam dragon is moderately wounded.
The steam dragon barely misses you.
The steam dragon claws you but does no damage.
You hit the steam dragon but do no damage.
The steam dragon is moderately wounded.
The steam dragon barely misses you. x2
You sock the steam dragon!
The steam dragon is heavily wounded.
The steam dragon bites you. The steam dragon misses you.
You barely miss the steam dragon.
The steam dragon is heavily wounded.
The steam dragon breathes steam at you. The ball of steam hits you!!
Something shouts, "Fly, thou weedy folly-fallen beggar!"
You completely miss the steam dragon.
The steam dragon is heavily wounded.
You are engulfed in a cloud of scalding steam.
The steam dragon closely misses you. The steam dragon misses you.
You hit the steam dragon but do no damage.
The steam dragon is heavily wounded.
You are engulfed in a cloud of scalding steam.
The steam dragon barely misses you.
The steam dragon claws you but does no damage.
You closely miss the steam dragon.
The steam dragon is heavily wounded.
You are engulfed in a cloud of scalding steam.
The steam dragon bites you.
* * * LOW HITPOINT WARNING * * *
The steam dragon claws you but does no damage.
You hit the steam dragon.
The steam dragon is severely wounded.
You are engulfed in a cloud of scalding steam.
* * * LOW HITPOINT WARNING * * *
A white imp comes into view.
The steam dragon bites you.
You die...

. . .....# .
......## ..
........ ...
........ ....
#..... #. .
.....## #....
..###.
.....5D###.#)#
. ... ...
#.@...#.#
##...###..
#####...#
..#.#...#
#...#
..#.#...#
#...#
..#.#...#
#.(.# ##..†#
##...#
..#.#.....#
#..###
..#.#...###
#.##
.†#.#..#.. #.
##.#


You could see a steam dragon and a white imp.

Vanquished Creatures
  3 ice beasts
  A centaur (D:5)
  3 scorpions
  3 hounds
  4 orc priests
  A sleepcap (D:5)
  4 iguanas
  An orc wizard (D:6)
  3 gnolls (D:5)
  6 adders
  A dart slug (D:1)
  15 orcs
  7 endoplasms
  3 giant cockroaches
  8 goblins
  6 hobgoblins
  2 jackals (D:1)
  3 quokkas
  7 ball pythons
  5 bats (D:3)
  3 frilled lizards
  8 kobolds
  4 rats
101 creatures vanquished.

Notes
Turn   | Place    | Note
-------+----------+-------------------------------------------
     0 | D:5      | drugrobin the Demigod Delver began the quest for the Orb.
     0 | D:5      | Reached XP level 1. HP: 18/18 MP: 3/3
    95 | D:4      | Noticed a scorpion
   136 | D:4      | Reached skill level 2 in Maces & Flails
   303 | D:1      | Reached XP level 2. HP: 14/25 MP: 4/4
   640 | D:1      | Reached skill level 3 in Maces & Flails
   704 | D:1      | Learned a level 1 spell: Magic Dart
  1292 | D:1      | Reached XP level 3. HP: 20/30 MP: 1/5
  2342 | D:3      | HP: 1/28 [orc priest/divine providence (11)]
  2533 | D:3      | Reached skill level 4 in Maces & Flails
  2533 | D:3      | Reached XP level 4. HP: 13/37 MP: 4/6
  2928 | D:4      | Found Otrurout's Antique Armour Shop.
  2934 | D:4      | Bought a dyed leather armour for 105 gold pieces
  3098 | D:4      | Reached skill level 5 in Maces & Flails
  3098 | D:4      | Reached XP level 5. HP: 18/42 MP: 1/7
  3381 | D:4      | Found Doyhodizo's Jewellery Shoppe.
  3500 | D:4      | Found Mamof's Book Emporium.
  3533 | D:4      | Found Dyssuon's Book Shoppe.
  3588 | D:4      | Reached skill level 6 in Maces & Flails
  3640 | D:4      | Found Pian's Book Shoppe.
  3657 | D:4      | Reached XP level 6. HP: 50/50 MP: 8/8
  4248 | D:5      | Reached skill level 7 in Maces & Flails
  4537 | D:5      | Reached XP level 7. HP: 53/56 MP: 9/9
  4957 | D:6      | Learned a level 4 spell: Animate Dead
  5015 | D:6      | Reached skill level 1 in Evocations
  5085 | D:6      | Reached skill level 8 in Maces & Flails
  5331 | D:6      | Noticed a steam dragon
  5466 | D:6      | HP: 2/56 [steam dragon] (11)]
  5466 | D:6      | Slain by a steam dragon

Illustrated notes

Levels and vault maps discovered:
D:1:      lightli_molten_gateway, layout_basic, minmay_quantized
D:2:      layout_basic, basic_ecumenical_altar
D:3:      cheibrodos_pilgrimage, layout_rooms
D:4:      layout_basic, serial_shops, shop, nicolae_shop_getting_attention,
          nicolae_shop_crystal, shop, nicolae_shop_real_fake_doors
D:5:      layout_loops_corners
D:6:      layout_rooms, minitemple, hangedman_feature_mirror, nicolae_titane

Skill      XL: |  1  2  3  4  5  6  7 |
---------------+----------------------+-----
Maces & Flails | 2 3 4 5 6 7 8 |  8.2
Evocations     | 2 |  2.6
Fighting       | |  2.6
Dodging        | |  1.7
Stealth        | |  4.5
Spellcasting   | |  0.6

Action                     |  1- 3 |  4- 6 |  7- 9 || total
---------------------------+-------+-------+-------++-------
  Melee: Mace              |   149 |   116 |    19 ||   284
         Punch             |     3 |     1 |       ||     4
         Flail             |       |       |    63 ||    63
   Fire: Orcbow            |       |       |     9 ||     9
  Throw: Dart              |       |     2 |       ||     2
         Boomerang         |       |     8 |       ||     8
   Cast: Magic Dart        |    23 |    31 |       ||    54
    Use: Scroll            |     1 |       |       ||     1
   Stab: Sleeping          |     7 |     2 |     3 ||    12
         Distracted        |     1 |       |       ||     1
 Armour: Leather armour    |    30 |    25 |    29 ||    84
         Ring mail         |    16 |     7 |       ||    23
  Dodge: Dodged            |    84 |    68 |    51 ||   203

Table legend: (Time is in decaauts)
 A = Elapsed time spent in this place.
 B = Non-inter-level travel time spent in this place.
 C = Inter-level travel time spent in this place.
 D = Time resting spent in this place.
 E = Time spent auto-exploring this place.
 F = Levels seen in this place.
 G = Mean time per level.
                   A        B        C        D        E       F      G
               +--------+--------+--------+--------+--------+-----+--------+
         Total |   5520 |   5358 |    162 |    399 |   3709 |   6 |  920.0 |
       Dungeon |   5520 |   5358 |    162 |    399 |   3709 |   6 |  920.0 |
               +--------+--------+--------+--------+--------+-----+--------+

Top non-repeatable levels by time:
     D:1: 1246 daAuts
     D:5: 1216 daAuts
     D:4: 1033 daAuts
     D:3: 890 daAuts
     D:2: 603 daAuts
     D:6: 531 daAuts
